EL
PITTSFIELD COLONIALS @ PAWTUCKET PAW SOX
07/15/1982
 
TOP OF THE 1ST
Pittsfield Colonials batting - Pitching for Pawtucket Paw Sox : RHP Billy Taylor
Pitching: RHP Billy Taylor
Batting: SHB Steve Scafa 0-0: Called Strike
0-1: Called Strike
0-2: Ball
1-2: Strikes out swinging
Batting: SHB Mitch Webster 0-0: Ball
1-0: Reached via error on a dropped throw from SS, E3 (Groundball, 6, EV 110.0 MPH)
Batting: RHB Shawon Dunston 0-0: Foul Ball, location: 2F
0-1: Fielders Choice at 2nd, 6-4 (Groundball, 56, EV 83.8 MPH)
Batting: SHB Felipe Gracia 0-0: Swinging Strike
0-1: Swinging Strike
0-2: Ball
1-2: Ball
2-2: Ground out 4-3 (Groundball, 34D, EV 103.8 MPH)
Top of the 1st over - 0 runs, 0 hits, 1 error, 1 left on base; Pittsfield 0 - Pawtucket 0
BOTTOM OF THE 1ST
Pawtucket Paw Sox batting - Pitching for Pittsfield Colonials : LHP James Rooney
Pitching: LHP James Rooney
Batting: LHB Dave Haberle 0-0: Ball
1-0: Ball
2-0: Called Strike
2-1: Ball
3-1: Called Strike
3-2: Strikes out swinging
Batting: RHB Robert Duran 0-0: Ball
1-0: Called Strike
1-1: Swinging Strike
1-2: Foul Ball, location: 2F
1-2: Strikes out swinging
Batting: RHB Brick Smith 0-0: Called Strike
0-1: Foul Ball, location: 2F
0-2: Ball
1-2: Ball
2-2: Ball
3-2: Base on Balls
Batting: RHB Dave Malpeso 0-0: Ball
1-0: Ball
2-0: Swinging Strike
2-1: Foul Ball, location: 2F
2-2: Strikes out swinging
Bottom of the 1st over - 0 runs, 0 hits, 0 errors, 1 left on base; Pittsfield 0 - Pawtucket 0
TOP OF THE 2ND
Pittsfield Colonials batting - Pitching for Pawtucket Paw Sox : RHP Billy Taylor
Batting: RHB Mike Brewer 0-0: Ball
1-0: Called Strike
1-1: Called Strike
1-2: Ball
2-2: Fly out, F8 (Line Drive, 8LD, EV 91.3 MPH)
Batting: LHB Armando Ortiz 0-0: Ball
1-0: Foul Ball, location: 2F
1-1: Foul Ball, location: 2F
1-2: Ball
2-2: Foul Ball, location: 2F
2-2: Foul Ball, location: 2F
2-2: Ball
3-2: Base on Balls
Batting: RHB Steven Ramler 0-0: SINGLE (Flyball, 34D, EV 90.0 MPH)
Armando Ortiz to second
Batting: SHB David Enos 0-0: Ball
1-0: Called Strike
1-1: Foul Ball, location: 2F
1-2: Ball
2-2: Ball
3-2: Foul Ball, location: 2F
3-2: Fly out, F7 (Flyball, 7, EV 95.0 MPH)
Batting: RHB Juan Castro 0-0: Ball
1-0: Foul Ball, location: 2F
1-1: Ball
2-1: SINGLE (Line Drive, 89S, EV 96.9 MPH)
Armando Ortiz to third
Steven Ramler to second
Runner from 3rd tries for Home, SAFE, throw by RF to home
Batting: SHB Steve Scafa 0-0: Ball
1-0: Foul Ball, location: 2F
1-1: Foul Ball, location: 2F
1-2: Foul Ball, location: 2F
1-2: Fly out, F6 (Flyball, 56D, EV 78.8 MPH)
Top of the 2nd over - 1 run, 2 hits, 0 errors, 2 left on base; Pittsfield 1 - Pawtucket 0
BOTTOM OF THE 2ND
Pawtucket Paw Sox batting - Pitching for Pittsfield Colonials : LHP James Rooney
Batting: LHB Jeff Stone 0-0: Ball
1-0: Ball
2-0: Ball
3-0: Base on Balls
Batting: LHB David Wiggins 0-0: Ball
1-0: Ball
2-0: DOUBLE (Line Drive, 78XD, EV 105.0 MPH)
Jeff Stone to third
Batting: RHB Lenny Faedo 0-0: Foul Ball, location: 2F
0-1: Called Strike
0-2: Strikes out swinging
Batting: RHB Gary Hargis 0-0: Foul Ball, location: 2F
0-1: Ground out 6-3 (Groundball, 6, EV 103.8 MPH)
Jeff Stone scores
Batting: LHB Steven Blackman 0-0: Ball
1-0: Foul Ball, location: 2F
1-1: Ball
2-1: Foul Ball, location: 2F
2-2: Foul Ball, location: 2F
2-2: Strikes out swinging
Bottom of the 2nd over - 1 run, 1 hit, 0 errors, 1 left on base; Pittsfield 1 - Pawtucket 1
TOP OF THE 3RD
Pittsfield Colonials batting - Pitching for Pawtucket Paw Sox : RHP Billy Taylor
Batting: SHB Mitch Webster 0-0: Ground out 4-3 (Groundball, 4, EV 108.1 MPH)
Batting: RHB Shawon Dunston 0-0: SINGLE (Flyball, 6D, EV 96.3 MPH)
Batting: SHB Felipe Gracia 0-0: Called Strike
0-1: Ball
1-1: Foul Ball, location: 2F
1-2: Ball
2-2: Fly out, F7 (Flyball, 7, EV 94.4 MPH)
Batting: RHB Mike Brewer 0-0: Ball
1-0: Ball
2-0: Foul Ball, location: 2F
2-1: Ball
3-1: Called Strike
3-2: Strikes out swinging
Top of the 3rd over - 0 runs, 1 hit, 0 errors, 1 left on base; Pittsfield 1 - Pawtucket 1
BOTTOM OF THE 3RD
Pawtucket Paw Sox batting - Pitching for Pittsfield Colonials : LHP James Rooney
Batting: LHB Dave Haberle 0-0: Called Strike
0-1: Ball
1-1: Ball
2-1: Ball
3-1: Swinging Strike
3-2: Fly out, F9 (Flyball, 9, EV 94.4 MPH)
Batting: RHB Robert Duran 0-0: Ball
1-0: Ball
2-0: Ball
3-0: Base on Balls
Batting: RHB Brick Smith 0-0: Ball
1-0: Foul Ball, location: 2F
1-1: Fly out, F8 (Flyball, 8RD, EV 105.6 MPH)
Batting: RHB Dave Malpeso 0-0: Called Strike
0-1: Foul Ball, location: 2F
0-2: Ball
1-2: Strikes out swinging
Bottom of the 3rd over - 0 runs, 0 hits, 0 errors, 1 left on base; Pittsfield 1 - Pawtucket 1
TOP OF THE 4TH
Pittsfield Colonials batting - Pitching for Pawtucket Paw Sox : RHP Billy Taylor
Batting: LHB Armando Ortiz 0-0: Ball
1-0: Called Strike
1-1: Foul Ball, location: 2F
1-2: Foul Ball, location: 2F
1-2: Ball
2-2: Ball
3-2: Foul Ball, location: 2F
3-2: Ground out 2-3 (Groundball, 2L, EV 61.3 MPH)
Batting: RHB Steven Ramler 0-0: Fly out, F8 (Flyball, 8RM, EV 83.1 MPH)
Batting: SHB David Enos 0-0: Ball
1-0: SINGLE (Groundball, 3S, EV 69.4 MPH) (infield hit)
Batting: RHB Juan Castro 0-0: Foul Ball, location: 2F
0-1: Ball
1-1: Foul Ball, location: 2F
1-2: Ball
Wild Pitch!
David Enos to second
2-2: Ball
3-2: Base on Balls
Batting: SHB Steve Scafa 0-0: Foul Ball, location: 2F
0-1: Ground out U3 (Groundball, 3S, EV 68.1 MPH)
Top of the 4th over - 0 runs, 1 hit, 0 errors, 2 left on base; Pittsfield 1 - Pawtucket 1
BOTTOM OF THE 4TH
Pawtucket Paw Sox batting - Pitching for Pittsfield Colonials : LHP James Rooney
Batting: LHB Jeff Stone 0-0: Ball
1-0: Foul Ball, location: 2F
1-1: Foul Ball, location: 2F
1-2: Fly out, F8 (Flyball, 8LD, EV 94.4 MPH)
Batting: LHB David Wiggins 0-0: Fly out, F8 (Line Drive, 8LD, EV 96.3 MPH)
Batting: RHB Lenny Faedo 0-0: Fly out, F2 (Popup, 2L, EV 93.8 MPH)
Bottom of the 4th over - 0 runs, 0 hits, 0 errors, 0 left on base; Pittsfield 1 - Pawtucket 1
TOP OF THE 5TH
Pittsfield Colonials batting - Pitching for Pawtucket Paw Sox : RHP Billy Taylor
Batting: SHB Mitch Webster 0-0: Fly out, F3 (Flyball, 3D, EV 72.5 MPH)
Batting: RHB Shawon Dunston 0-0: Fly out, F2 (Popup, 23F, EV 93.1 MPH)
Batting: SHB Felipe Gracia 0-0: Called Strike
0-1: Ground out 5-3 (Groundball, 56, EV 101.9 MPH)
Top of the 5th over - 0 runs, 0 hits, 0 errors, 0 left on base; Pittsfield 1 - Pawtucket 1
BOTTOM OF THE 5TH
Pawtucket Paw Sox batting - Pitching for Pittsfield Colonials : LHP James Rooney
Batting: RHB Gary Hargis 0-0: Foul Ball, location: 2F
0-1: Swinging Strike
0-2: Ball
1-2: Ball
2-2: Foul Ball, location: 2F
2-2: Foul Ball, location: 2F
2-2: Strikes out swinging
Batting: LHB Steven Blackman 0-0: Foul Ball, location: 2F
0-1: Foul Ball, location: 2F
0-2: Strikes out swinging
Batting: LHB Dave Haberle 0-0: Ball
1-0: Ball
2-0: Swinging Strike
2-1: Foul Ball, location: 2F
2-2: Fly out, F7 (Flyball, 7LM, EV 95.0 MPH)
Bottom of the 5th over - 0 runs, 0 hits, 0 errors, 0 left on base; Pittsfield 1 - Pawtucket 1
TOP OF THE 6TH
Pittsfield Colonials batting - Pitching for Pawtucket Paw Sox : RHP Billy Taylor
Batting: RHB Mike Brewer 0-0: Ball
1-0: Ball
2-0: Ball
3-0: Called Strike
3-1: Fly out, F8 (Flyball, 8RM, EV 94.4 MPH)
Batting: LHB Armando Ortiz 0-0: Foul Ball, location: 2F
0-1: Ball
1-1: Swinging Strike
1-2: Foul Ball, location: 2F
1-2: Ball
2-2: Strikes out swinging
Batting: RHB Steven Ramler 0-0: Ball
1-0: Hit by Pitch
Batting: SHB David Enos 0-0: DOUBLE (Line Drive, 9LM, EV 113.1 MPH)
Steven Ramler to third
Runner from 3rd tries for Home, SAFE, throw by RF to trailing runner, SAFE at third!
Batting: RHB Juan Castro 0-0: Ball
1-0: Fly out, F8 (Line Drive, 8RM, EV 92.5 MPH)
Top of the 6th over - 1 run, 1 hit, 0 errors, 1 left on base; Pittsfield 2 - Pawtucket 1
BOTTOM OF THE 6TH
Pawtucket Paw Sox batting - Pitching for Pittsfield Colonials : LHP James Rooney
Batting: RHB Robert Duran 0-0: Ball
1-0: Foul Ball, location: 2F
1-1: Ball
2-1: Foul Ball, location: 2F
2-2: Foul Ball, location: 2F
2-2: Foul Ball, location: 2F
2-2: SOLO HOME RUN (Flyball, 7LD, EV 104.4 MPH), Distance : 358 ft
Batting: RHB Brick Smith 0-0: Ground out 6-3 (Groundball, 6, EV 84.4 MPH)
Batting: RHB Dave Malpeso 0-0: Ball
1-0: Foul Ball, location: 2F
1-1: Fly out, F8 (Flyball, 8RD, EV 105.6 MPH)
Batting: LHB Jeff Stone 0-0: Ball
1-0: Foul Ball, location: 2F
1-1: Ground out 6-3 (Groundball, 6, EV 81.9 MPH)
Bottom of the 6th over - 1 run, 1 hit, 0 errors, 0 left on base; Pittsfield 2 - Pawtucket 2
TOP OF THE 7TH
Pittsfield Colonials batting - Pitching for Pawtucket Paw Sox : RHP Billy Taylor
Batting: SHB Steve Scafa 0-0: Ball
1-0: Called Strike
1-1: SINGLE (Line Drive, 8LS, EV 91.3 MPH)
Batting: SHB Mitch Webster 0-0: Ball
1-0: Bunt missed!
1-1: Sac Bunt to 5S - play at first, batter OUT! 5-4
Steve Scafa to second
Batting: RHB Shawon Dunston 0-0: Ball
1-0: Called Strike
1-1: Ground out U3 (Groundball, 34S, EV 86.3 MPH)
Steve Scafa to third
Batting: SHB Felipe Gracia 0-0: Foul Ball, location: 2F
0-1: Ball
1-1: Swinging Strike
1-2: Ball
2-2: Ball
3-2: Strikes out swinging
Top of the 7th over - 0 runs, 1 hit, 0 errors, 1 left on base; Pittsfield 2 - Pawtucket 2
BOTTOM OF THE 7TH
Pawtucket Paw Sox batting - Pitching for Pittsfield Colonials : LHP James Rooney
Batting: LHB David Wiggins 0-0: Ball
1-0: Ball
2-0: Called Strike
2-1: Ball
3-1: Foul Ball, location: 2F
3-2: Base on Balls
Batting: RHB Lenny Faedo 0-0: Bunted foul
0-1: Bunt missed!
0-2: Fly out, F9 (Flyball, 9LM, EV 103.8 MPH)
Batting: RHB Gary Hargis 0-0: Called Strike
0-1: Ball
1-1: Swinging Strike
1-2: Foul Ball, location: 2F
1-2: Foul Ball, location: 2F
1-2: Strikes out swinging
Batting: LHB Steven Blackman 0-0: Called Strike
0-1: Ball
1-1: Ball
2-1: Swinging Strike
2-2: Strikes out swinging
Bottom of the 7th over - 0 runs, 0 hits, 0 errors, 1 left on base; Pittsfield 2 - Pawtucket 2
TOP OF THE 8TH
Pittsfield Colonials batting - Pitching for Pawtucket Paw Sox : RHP Billy Taylor
Batting: RHB Mike Brewer 0-0: Called Strike
0-1: Called Strike
0-2: Strikes out swinging
Batting: LHB Armando Ortiz 0-0: Called Strike
0-1: Ball
1-1: Called Strike
1-2: Ball
2-2: Fly out, F9 (Flyball, 89XD, EV 91.3 MPH)
Batting: RHB Steven Ramler 0-0: Called Strike
0-1: Swinging Strike
0-2: Foul Ball, location: 2F
0-2: Foul Ball, location: 2F
0-2: Ground out 6-3 (Groundball, 6, EV 98.1 MPH)
Top of the 8th over - 0 runs, 0 hits, 0 errors, 0 left on base; Pittsfield 2 - Pawtucket 2
BOTTOM OF THE 8TH
Pawtucket Paw Sox batting - Pitching for Pittsfield Colonials : LHP James Rooney
Batting: LHB Dave Haberle 0-0: Ball
1-0: Called Strike
1-1: Foul Ball, location: 2F
1-2: Ball
2-2: Ball
3-2: Foul Ball, location: 2F
3-2: Foul Ball, location: 2F
3-2: Base on Balls
Batting: RHB Robert Duran 0-0: Ball
1-0: Called Strike
1-1: Ball
2-1: Swinging Strike
2-2: Strikes out swinging
Batting: RHB Brick Smith 0-0: Called Strike
0-1: Ball
1-1: Ball
2-1: Called Strike
2-2: Fly out, F8 (Flyball, 89D, EV 98.8 MPH)
Batting: RHB Dave Malpeso 0-0: Ball
1-0: Ball
2-0: SINGLE (Groundball, 34D, EV 100.6 MPH)
Dave Haberle to second
Runner from 2nd tries for 3rd, SAFE, throw by RF made to third
Batting: LHB Jeff Stone 0-0: Swinging Strike
0-1: Ground out 4-3 (Groundball, 34, EV 109.4 MPH)
Bottom of the 8th over - 0 runs, 1 hit, 0 errors, 2 left on base; Pittsfield 2 - Pawtucket 2
TOP OF THE 9TH
Pittsfield Colonials batting - Pitching for Pawtucket Paw Sox : RHP Billy Taylor
Pitching: RHP Terry McAnnally
Batting: SHB David Enos 0-0: Foul Ball, location: 2F
0-1: Ball
1-1: Ball
2-1: Ball
3-1: Base on Balls
Pinch Hitting: SHB Mark Gilbert 0-0: Ball
David Enos steals 2nd base
1-0: Called Strike
1-1: Swinging Strike
1-2: Ball
2-2: Ball
3-2: Ground out 4-3 (Groundball, 4, EV 81.3 MPH)
David Enos to third
Batting: SHB Steve Scafa 0-0: Ball
1-0: Ground out 6-3 (Groundball, 6, EV 83.8 MPH)
Batting: SHB Mitch Webster 0-0: Fly out, F8 (Line Drive, 8RM, EV 96.9 MPH)
Top of the 9th over - 0 runs, 0 hits, 0 errors, 1 left on base; Pittsfield 2 - Pawtucket 2
BOTTOM OF THE 9TH
Pawtucket Paw Sox batting - Pitching for Pittsfield Colonials : LHP James Rooney
Pitching: LHP Newt Box
Now at SS: Allan Wilkerson
Batting: LHB David Wiggins 0-0: Called Strike
0-1: Ball
1-1: Ball
2-1: Called Strike
2-2: Ball
3-2: Foul Ball, location: 2F
3-2: Base on Balls
Batting: RHB Lenny Faedo 0-0: Bunt missed!
0-1: Sac Bunt to 23 - play at first, batter OUT! 3-4
David Wiggins to second
Batting: RHB Gary Hargis 0-0: Ground out 5-3 (Groundball, 5S, EV 88.8 MPH)
Batting: RHB Shooty Babitt 0-0: Ball
1-0: Ball
2-0: Ball
3-0: Called Strike
3-1: 2-RUN HOME RUN (Flyball, 7LD, EV 110.0 MPH), Distance : 366 ft
Bottom of the 9th over - 2 runs, 1 hit, 0 errors, 0 left on base; Pittsfield 2 - Pawtucket 4
Friday, August 14th, 2020 - OOTP Baseball 21.5 Build 76